Map: Dusk Towers

Players

DarKLoVeR

  • Race: Zerg Zerg
  • League: Master

MCanning - Winner!

  • Race: Protoss Protoss
  • League: Grandmaster

VOD

http://www.twitch.tv/mcanning/v/30690643

Description

Time

  • Played on: Dec. 19, 2015, 1:31 a.m.
  • Length: 15:41
Show
View Real Time Build Order
Export as new Build Order

DarKLoVeR Zerg 

Build Orders: Hatch First 

Get SALT Encoding   

  12  0:01  Drone  
  13  0:12  Overlord  
  13  0:17  Drone  
  14  0:31  Drone x2  
  16  0:36  Drone  
  17  0:53  Hatchery  
  17  0:55  Drone  
  17  0:59  Extractor  
  17  1:00  Drone  
  17  1:14  Spawning Pool  
  17  1:16  Drone  
  17  1:20  Drone  
  18  1:28  Drone  
  19  1:39  Overlord  
  19  2:01  Metabolic Boost  
  19  2:02  Zergling x2, Queen  
  19  2:03  Zergling x2  
  19  2:05  Queen  
  25  2:16  Drone  
  25  2:17  Drone x2  
  28  2:34  Drone x2  
  30  2:41  Hatchery  
  30  2:42  Drone x2  
  31  2:51  Overlord  
  31  2:54  Drone  
  32  2:59  Drone x2  
  32  3:05  Drone  
  34  3:15  Overlord x2  
  34  3:19  Zergling x10  
  39  3:32  Extractor  
  39  3:34  Extractor x2  
  36  3:41  Zergling x2  
  36  3:42  Zergling x6  
  42  3:52  Overlord  
  40  3:56  Drone x6  
  40  3:57  Drone  
  40  3:58  Drone  
  47  4:04  Drone x2  
  49  4:10  Drone  
  50  4:17  Lair  
  50  4:18  Overlord  
  50  4:19  Drone  
  50  4:20  Drone, Queen  
  50  4:21  Drone x2  
  50  4:23  Drone  
  57  4:26  Drone  
  57  4:30  Drone x2  
  60  4:37  Drone  
  61  4:41  Drone  
  61  4:43  Evolution Chamber, Drone  
  62  4:47  Overlord  
  62  4:50  Drone x2  
  62  4:51  Drone  
  65  4:54  Extractor  
  65  4:55  Drone, Extractor  
  64  5:01  Queen  
  64  5:03  Drone x3  
  64  5:04  Drone x3  
  72  5:08  Drone  
  73  5:14  Drone x2  
  73  5:17  Spire  
  73  5:18  Overseer  
  74  5:23  Roach Warren  
  74  5:26  Drone  
  74  5:32  Drone x3  
  74  5:33  Drone  
  78  5:36  Overlord x2  
  78  5:51  Overlord x3  
  78  5:52  Overlord x2  
  78  6:07  Overlord x2  
  78  6:11  Glial Reconstitution  
  78  6:17  Drone x3  
  81  6:18  Drone  
  81  6:19  Drone x2  
  81  6:20  Hydralisk Den  
  81  6:22  Spore Crawler  
  82  6:26  Drone x2  
  82  6:27  Overlord  
  82  6:29  Spore Crawler  
  83  6:40  Zerg Missile Weapons Level 1  
  83  6:44  Evolution Chamber  
  83  6:46  Roach  
  86  6:47  Roach x15  
  114  6:57  Hydralisk  
  114  6:58  Hydralisk x2, Muscular Augments  
  120  7:03  Hydralisk  
  122  7:12  Hydralisk x2  
  122  7:13  Hydralisk x3  
  132  7:17  Hydralisk, Zerg Melee Weapons Level 1  
  134  7:26  Infestation Pit  
  134  7:28  Hatchery  
  132  7:32  Hydralisk x3  
  132  7:33  Hydralisk  
  132  7:36  Overseer  
  139  7:58  Overlord  
  139  7:59  Overlord x4  
  139  8:08  Roach x2  
  139  8:09  Roach x5  
  139  8:11  Hive  
  152  8:22  Hydralisk x5  
  118  8:50  Zerg Ground Armor Level 1  
  116  9:02  Extractor  
  116  9:06  Extractor  
  114  9:11  Drone x6  
  114  9:12  Drone x2  
  114  9:13  Drone x2  
  114  9:14  Drone x5  
  129  9:22  Zerg Melee Weapons Level 2  
  129  9:26  Ultralisk Cavern  
  129  9:29  Drone x7  
  135  9:42  Spine Crawler  
  135  9:43  Spine Crawler  
  133  9:57  Spore Crawler  
  133  9:58  Spore Crawler, Spine Crawler  
  130  10:11  Drone  
  131  10:18  Chitinous Plating, Pneumatized Carapace  
  131  10:20  Ultralisk x5  
  131  10:21  Ultralisk  
  167  10:26  Hatchery  
  167  10:27  Zergling x2  
  167  10:28  Zergling x12  
  171  10:29  Zergling x2  
  171  10:33  Zergling x6  
  171  10:34  Zergling x4  
  175  10:38  Adrenal Glands  
  184  10:57  Ultralisk x2  
  184  10:59  Zergling x14  
  184  11:03  Overseer x2  
  187  11:16  Zerg Ground Armor Level 2  
  183  11:24  Hydralisk x5  
  183  11:25  Hydralisk x3  
  182  12:03  Hatchery  
  87  12:24  Ultralisk x6  
  87  12:25  Ultralisk x2, Zergling x2  
  87  12:26  Zergling x8  
  126  12:34  Hydralisk x3  
  132  12:38  Zergling x6  
  132  12:39  Zergling x2  
  132  12:40  Zergling x4  
  138  12:44  Zergling x2  
  138  12:45  Zergling x6  
  138  12:47  Zergling x4  
  138  12:48  Zergling x2  
  145  12:53  Zergling x6  
  145  12:55  Zergling x2  
  145  12:56  Zergling x4  
  145  12:57  Zergling x2  
  140  13:29  Greater Spire  
  140  13:30  Viper  
  140  13:31  Viper x2  
  149  13:35  Hatchery  
  148  13:44  Drone x5  
  148  13:45  Drone x4  
  148  13:48  Extractor  
  156  13:52  Infestor x3, Extractor  
  161  14:23  Corruptor x5  
  161  14:24  Corruptor x5  
  128  15:00  Brood Lord x5  
  128  15:01  Brood Lord  
Show
View Real Time Build Order
Export as new Build Order

MCanning Protoss - Winner!

Build Orders: Nexus First 

Get SALT Encoding   

  12  0:02  Probe (Chrono Boost)  
  13  0:12  Probe (Chrono Boost)  
  14  0:22  Pylon  
  14  0:23  Probe (Chrono Boost)  
  15  0:40  Probe (Chrono Boost)  
  16  0:51  Probe (Chrono Boost)  
  17  0:59  Nexus  
  17  1:08  Gateway  
  17  1:13  Probe (Chrono Boost)  
  18  1:23  Probe (Chrono Boost)  
  18  1:24  Assimilator  
  19  1:28  Assimilator  
  19  1:34  Probe (Chrono Boost)  
  20  1:44  Probe (Chrono Boost)  
  21  1:50  Pylon  
  21  1:56  Cybernetics Core  
  21  1:58  Probe (Chrono Boost)  
  22  2:08  Probe (Chrono Boost), Zealot  
  25  2:17  Probe (Chrono Boost)  
  25  2:19  Probe (Chrono Boost)  
  27  2:27  Probe (Chrono Boost)  
  29  2:35  Stalker (Chrono Boost), Mothership Core (Chrono Boost), Warp Gate  
  32  2:39  Probe (Chrono Boost)  
  33  2:49  Probe (Chrono Boost)  
  34  2:53  Probe (Chrono Boost)  
  34  2:55  Pylon  
  34  3:00  Probe (Chrono Boost)  
  34  3:04  Probe (Chrono Boost)  
  36  3:11  Probe (Chrono Boost)  
  37  3:14  Sentry  
  37  3:15  Probe (Chrono Boost)  
  40  3:22  Probe (Chrono Boost)  
  40  3:25  Probe (Chrono Boost)  
  42  3:32  Probe (Chrono Boost)  
  43  3:36  Probe (Chrono Boost)  
  43  3:37  Nexus  
  43  3:38  Pylon  
  44  3:41  Pylon  
  44  3:43  Probe (Chrono Boost)  
  44  3:45  Pylon  
  46  3:48  Probe (Chrono Boost)  
  46  3:53  Probe (Chrono Boost)  
  47  3:59  Gateway  
  47  4:00  Gateway  
  47  4:05  Probe (Chrono Boost)  
  48  4:11  Robotics Facility  
  49  4:17  Probe x2 (Chrono Boost)  
  49  4:20  Pylon  
  50  4:26  Forge  
  50  4:27  Probe (Chrono Boost)  
  50  4:28  Probe (Chrono Boost)  
  52  4:33  Assimilator  
  52  4:36  Assimilator  
  52  4:38  Probe x2 (Chrono Boost)  
  54  4:48  Twilight Council, Probe (Chrono Boost)  
  54  4:49  Probe (Chrono Boost)  
  54  4:52  Probe (Chrono Boost), Pylon  
  57  4:54  Sentry  
  57  4:58  Probe (Chrono Boost), Observer (Chrono Boost)  
  57  4:59  Probe (Chrono Boost)  
  62  5:01  Probe  
  63  5:09  Sentry, Probe (Chrono Boost)  
  63  5:11  Probe (Chrono Boost)  
  63  5:13  Probe (Chrono Boost)  
  68  5:14  Protoss Ground Weapons Level 1 (Chrono Boost), Robotics Bay  
  68  5:20  Probe (Chrono Boost)  
  69  5:21  Probe (Chrono Boost)  
  69  5:23  Warp Prism (Chrono Boost)  
  69  5:25  Probe, Blink (Chrono Boost)  
  73  5:29  Probe  
  73  5:31  Probe  
  73  5:34  Assimilator  
  75  5:37  Probe  
  75  5:38  Assimilator  
  75  5:40  Probe  
  75  5:42  Probe  
  77  5:49  Probe  
  79  5:50  Probe  
  79  5:53  Adept x3  
  79  5:55  Probe  
  87  6:12  Probe, Pylon  
  88  6:19  Stalker x3, Stargate x2  
  88  6:21  Stargate  
  88  6:22  Pylon  
  88  6:25  Gateway  
  94  6:26  Gateway  
  94  6:28  Gateway  
  94  6:31  Pylon  
  94  6:33  Photon Cannon  
  94  6:35  Photon Cannon  
  94  6:37  Photon Cannon  
  94  6:39  Probe  
  94  6:42  Probe, Photon Cannon  
  96  6:49  Zealot x3  
  96  6:54  Pylon  
  102  6:57  Pylon  
  102  7:04  Probe  
  102  7:06  Phoenix x2 (Chrono Boost)  
  102  7:07  Phoenix (Chrono Boost)  
  109  7:13  Fleet Beacon  
  109  7:18  Disruptor (Chrono Boost)  
  112  7:23  Protoss Ground Weapons Level 2  
  112  7:24  Photon Cannon  
  112  7:27  Pylon  
  112  7:31  Probe  
  113  7:43  Pylon  
  113  7:50  Nexus  
  113  7:52  Disruptor (Chrono Boost), Pylon  
  113  7:57  Charge  
  113  7:58  Probe  
  116  8:01  Robotics Facility  
  116  8:05  Pylon  
  116  8:07  Pylon  
  116  8:12  Zealot x6  
  128  8:23  Disruptor (Chrono Boost)  
  127  8:27  Gateway  
  127  8:32  Gateway  
  120  8:37  Stalker  
  120  8:38  Stalker x5  
  128  8:43  Pylon  
  128  8:46  Pylon  
  126  8:54  Disruptor (Chrono Boost)  
  129  8:57  Disruptor (Chrono Boost)  
  129  9:00  Nexus  
  126  9:02  Pylon  
  126  9:03  Pylon  
  114  9:11  Stalker x5  
  114  9:12  Stalker  
  126  9:21  Probe  
  126  9:23  Protoss Ground Weapons Level 3 (Chrono Boost), Disruptor (Chrono Boost), Photon Cannon  
  127  9:27  Pylon  
  127  9:28  Disruptor (Chrono Boost), Pylon  
  133  9:33  Stalker  
  133  9:34  Stalker  
  133  9:36  Zealot  
  139  9:42  Sentry  
  139  9:45  Stalker  
  143  9:56  Observer (Chrono Boost)  
  144  10:00  Stalker x4  
  144  10:06  Assimilator  
  150  10:08  Disruptor (Chrono Boost)  
  150  10:11  Assimilator  
  150  10:14  Photon Cannon  
  153  10:23  Immortal (Chrono Boost)  
  153  10:26  Stalker  
  155  10:33  Stalker x2  
  155  10:34  Stalker  
  161  10:39  Immortal (Chrono Boost)  
  161  10:40  Probe  
  166  10:50  Probe  
  166  10:53  Stalker  
  166  10:54  Stalker x3  
  179  10:57  Immortal (Chrono Boost)  
  179  10:58  Resonating Glaives  
  179  11:07  Dark Shrine  
  179  11:13  Immortal (Chrono Boost)  
  183  11:30  Probe  
  183  11:31  Immortal (Chrono Boost)  
  188  11:35  Probe x2  
  188  11:36  Gateway  
  188  11:37  Probe  
  188  11:38  Gateway  
  191  11:44  Pylon x2  
  191  11:51  Protoss Ground Armor Level 1  
  191  11:52  Immortal (Chrono Boost)  
  193  12:05  Probe  
  173  12:16  Stalker x6  
  173  12:19  Disruptor (Chrono Boost)  
  171  12:23  Disruptor (Chrono Boost)  
  171  12:25  Mothership Core  
  170  12:34  Stalker x2  
  174  12:42  Anion Pulse-Crystals (Chrono Boost)  
  174  12:44  Stalker x2  
  174  12:45  Stalker x4  
  174  12:46  Immortal  
  174  12:50  Probe  
  191  12:53  Immortal  
  191  12:54  Probe  
  194  13:13  Probe  
  179  13:20  Immortal  
  173  13:27  Dark Templar x2  
  173  13:28  Dark Templar x5  
  173  13:29  Dark Templar x2, Immortal  
  173  13:33  Archon x4  
  195  13:34  Pylon  
  195  13:35  Pylon  
  195  13:57  Dark Templar  
  195  14:00  Dark Templar  
  195  14:02  Observer  
  199  14:05  Nexus  
  199  14:06  Pylon  
  200  14:12  Pylon  
  200  14:14  Pylon  
  198  14:25  Dark Templar  
  198  14:30  Photon Cannon  
  200  14:31  Photon Cannon  
  200  14:34  Photon Cannon  
  200  14:35  Photon Cannon  
  200  14:37  Photon Cannon  
  196  14:41  Photon Cannon  
  196  14:42  Photon Cannon  
  196  14:43  Probe  
  196  14:45  Probe, Assimilator  
  187  14:48  Disruptor  
  187  14:49  Assimilator  
  187  14:55  Stalker x4  
  187  14:56  Stalker x2  
  194  15:29  Stalker x4  
Tags
 
Add a new tag
Caveats
  • Supply blocks, unpowered buildings, or Contaminate may cause inaccurate times.
  • Supply counts are checked every 10 seconds.